 Dungeon Crawl Stone Soup version 0.30.1-4-g462c640d31 (webtiles) character file.

Game seed: 15091889119285928677

70 Almogavar the Gusty (level 4, -2/34 HPs)
             Began as a Gnoll Wanderer on Sept 9, 2023.
             Slain by Crazy Yiuf
             ... wielding a +3 quarterstaff of chaos
              (5 damage)
             ... while petrified by Crazy Yiuf
             ... on level 2 of the Dungeon.
             The game lasted 00:09:44 (1996 turns).

Almogavar the Gusty (Gnoll Wanderer)                Turns: 1996, Time: 00:09:45

Health: -2/34      AC:  4    Str:  9    XL:     4   Next: 22%
Magic:  4/8        EV:  2    Int: 13    God:
Gold:   77         SH:  0    Dex: 14    Spells: 7/9 levels left

rFire   . . .        a - +0 dagger
rCold   . . .        (no shield)
rNeg    + + +        h - +0 leather armour
rPois   ∞            (no helmet)
rElec   .            d - +0 cloak
rCorr   .            (no gloves)
SInv    .            (no boots)
Will    .....        (no amulet)
Stlth   ++           (no ring)
HPRegen 0.25/turn    (no ring)
MPRegen 0.11/turn

%: no passive effects
@: petrified, very slightly contaminated
A: fangs 1, strong nose, distributed training
a: no special abilities


You were on level 2 of the Dungeon.
You visited 1 branch of the dungeon, and saw 2 of its levels.

You collected 77 gold pieces.

Inventory:

Hand Weapons
 a - a +0 dagger (weapon)
Missiles
 k - 4 boomerangs (quivered)
 m - 5 poisoned darts
Armour
 d - a +0 cloak (worn)
 h - a +0 leather armour (worn)
Jewellery
 n - a ring of willpower
Scrolls
 c - 2 scrolls of teleportation {unknown}
 f - a scroll of vulnerability
 g - a scroll of blinking {unknown}
 i - a scroll of summoning {unknown}
 l - a scroll of poison {unknown}
 p - 2 scrolls of identify
 q - a scroll of enchant weapon {unknown}
 r - a scroll of torment {unknown}
Potions
 b - 2 potions of haste
 e - a potion of curing
 j - 3 potions of might {unknown}
 o - a potion of degeneration {unknown}


   Skills:
 + Level 2.7 Fighting
 + Level 1.1 Short Blades
 + Level 1.1 Long Blades
 + Level 1.1 Axes
 + Level 1.1 Maces & Flails
 + Level 1.1 Polearms
 + Level 1.1 Staves
 + Level 1.1 Ranged Weapons
 + Level 2.7 Throwing
 + Level 2.7 Armour
 + Level 2.7 Dodging
 + Level 2.5 Stealth
 + Level 1.1 Shields
 + Level 1.1 Unarmed Combat
 + Level 3.0 Spellcasting
 + Level 0.9 Conjurations
 + Level 0.9 Hexes
 + Level 0.9 Summonings
 + Level 0.9 Necromancy
 + Level 0.9 Translocations
 + Level 0.9 Transmutations
 + Level 0.9 Fire Magic
 + Level 3.8 Ice Magic
 + Level 3.8 Air Magic
 + Level 0.9 Earth Magic
 + Level 0.9 Poison Magic
 + Level 1.2 Invocations
 + Level 1.1 Evocations


You had 7 spell levels left.
You knew the following spells:

 Your Spells              Type           Power      Damage    Failure   Level
a - Freeze                Ice            48%        1d6       6%          1
b - Shock                 Conj/Air       32%        1d5       12%         1

Your spell library contained the following spells:

 Spells                   Type           Power      Damage    Failure   Level
 Static Discharge         Conj/Air       16%        2-3/arc   19%         2
 Ozocubu's Armour         Ice            12%        N/A       19%         3
 Vhi's Electric Charge    Tloc/Air       16%        N/A       34%         3


Dungeon Overview and Level Annotations

Branches:
Dungeon (2/15)

Altars:

Annotations:
D:2 Crazy Yiuf


Innate Abilities, Weirdness & Mutations

You have very sharp teeth.
Your uncanny sense of smell can sniff out nearby items.
Your experience applies equally to all skills.


Message History

Confirm with . or Enter, or press ? or * to list all spells.
Aiming: Freeze (safe; 6% risk of failure)
Press: ? - help, Shift-Dir - straight line, f - Crazy Yiuf
Aim: Crazy Yiuf, wielding a +3 quarterstaff of chaos and wearing a +1 cloak You miscast Freeze.
You are very lightly contaminated with residual magic.
Nothing appears to happen.
Crazy Yiuf hits you with a +3 quarterstaff of chaos!
You are slowing down.
Casting: Freeze (safe; 6% risk of failure)
Confirm with . or Enter, or press ? or * to list all spells.
Aiming: Freeze (safe; 6% risk of failure)
Press: ? - help, Shift-Dir - straight line, f/p - Crazy Yiuf
Aim: Crazy Yiuf, wielding a +3 quarterstaff of chaos and wearing a +1 cloak You freeze Crazy Yiuf!
Crazy Yiuf is moderately wounded.
Crazy Yiuf hits you with a +3 quarterstaff of chaos!
Crazy Yiuf freezes you.
Crazy Yiuf hits you with a +3 quarterstaff of chaos!
* * * LOW HITPOINT WARNING * * *
Crazy Yiuf burns you.
* * * LOW HITPOINT WARNING * * *
Your limbs are stiffening.
Casting: Freeze (safe; 6% risk of failure)
Confirm with . or Enter, or press ? or * to list all spells.
Aiming: Freeze (safe; 6% risk of failure)
Press: ? - help, Shift-Dir - straight line, f/p - Crazy Yiuf
Aim: Crazy Yiuf, wielding a +3 quarterstaff of chaos and wearing a +1 cloak (moderately wounded)
You freeze Crazy Yiuf.
Crazy Yiuf is heavily wounded.
Crazy Yiuf barely misses you.
You have turned to stone.
Crazy Yiuf hits you with a +3 quarterstaff of chaos.
* * * LOW HITPOINT WARNING * * *
You feel your power leaking away.
Crazy Yiuf hits you with a +3 quarterstaff of chaos.
* * * LOW HITPOINT WARNING * * *
Crazy Yiuf freezes you.
Crazy Yiuf says, "I'm not crazy!"
Crazy Yiuf hits you with a +3 quarterstaff of chaos!
You die...

.........................'.......
#.#######...##...<.......#.......
#.# ######.##...........#.######
#.# #..# ##############.#.#
#.####..# #.#.# ........#
#.#.###### #.####..##♣♣ ###
#........# .........#.♣♣ ♣♣#..)#
##.).....# .<####....P.♣♣♣♣@g...#
#.......# #...###...PP.♣..♣#...#
###'###... .........#P.♣.♣♣♣ ###
#...# #### #..#..####♣♣♣♣♣ ###.#
#..##.### #.#
........####################
#..##....#.....#..##......#
...##.#..#.....#..##......#######
#..##.##.'.....#..##.............


You could see Crazy Yiuf.

Vanquished Creatures
  4 adders (D:2)
  A worm (D:2)
  6 goblins
  2 hobgoblins (D:1)
  3 jackals (D:1)
  2 quokkas (D:2)
  2 ball pythons
  4 bats
  2 frilled lizards (D:1)
  6 kobolds
32 creatures vanquished.

Notes
Turn   | Place    | Note
-------+----------+-------------------------------------------
     0 | D:1      | Almogavar the Gnoll Wanderer began the quest for the Orb.
     0 | D:1      | Almogavar set off with the following items: a +0 dagger, a
                  | potion of haste, a +0 robe, a +0 cloak; and the following
                  | spells available to memorise: Freeze, Shock, Ozocubu's
                  | Armour, Static Discharge, Vhi's Electric Charge.
     0 | D:1      | Reached XP level 1. HP: 17/17 MP: 4/4
     2 | D:1      | Learned a level 1 spell: Freeze
     4 | D:1      | Learned a level 1 spell: Shock
   153 | D:1      | Reached XP level 2. HP: 23/23 MP: 1/5
   803 | D:2      | Reached XP level 3. HP: 9/28 MP: 1/7
   995 | D:2      | Reached skill level 1 in Invocations
  1303 | D:2      | Reached skill level 1 in Short Blades
  1303 | D:2      | Reached skill level 1 in Long Blades
  1303 | D:2      | Reached skill level 1 in Axes
  1303 | D:2      | Reached skill level 1 in Maces & Flails
  1303 | D:2      | Reached skill level 1 in Polearms
  1303 | D:2      | Reached skill level 1 in Staves
  1303 | D:2      | Reached skill level 1 in Ranged Weapons
  1303 | D:2      | Reached skill level 1 in Shields
  1303 | D:2      | Reached skill level 1 in Unarmed Combat
  1303 | D:2      | Reached skill level 1 in Evocations
  1432 | D:2      | Reached XP level 4. HP: 34/34 MP: 5/8
  1699 | D:2      | Found a runed translucent door.
  1700 | D:2      | Noticed Crazy Yiuf
  1996 | D:2      | Slain by Crazy Yiuf

Illustrated notes

Levels and vault maps discovered:
D:1:      dpeg_arrival_tiny_a, layout_basic
D:2:      layout_basic, minmay_hexomino_u4, uniq_crazy_yiuf_cottage

Skill      XL: |  1  2  3  4 |
---------------+-------------+-----
Invocations    | 1 |  1.2
Short Blades   | 1 |  1.1
Long Blades    | 1 |  1.1
Axes           | 1 |  1.1
Maces & Flails | 1 |  1.1
Polearms       | 1 |  1.1
Staves         | 1 |  1.1
Ranged Weapons | 1 |  1.1
Shields        | 1 |  1.1
Unarmed Combat | 1 |  1.1
Evocations     | 1 |  1.1
Spellcasting   | 3 |  3.0
Fighting       | |  2.7
Throwing       | |  2.7
Armour         | |  2.7
Dodging        | |  2.7
Stealth        | |  2.5
Conjurations   | |  0.9
Hexes          | |  0.9
Summonings     | |  0.9
Necromancy     | |  0.9
Translocations | |  0.9
Transmutations | |  0.9
Fire Magic     | |  0.9
Ice Magic      | |  3.8
Air Magic      | |  3.8
Earth Magic    | |  0.9
Poison Magic   | |  0.9

Action                     |  1- 3 |  4- 6 || total
---------------------------+-------+-------++-------
  Melee: Dagger            |    34 |     1 ||    35
         Bite              |     7 |       ||     7
         Punch             |     1 |       ||     1
  Throw: Boomerang         |     3 |     3 ||     6
   Cast: Shock             |    33 |     6 ||    39
         Freeze            |    27 |     4 ||    31
    Use: Scroll            |     2 |       ||     2
   Stab: Sleeping          |     1 |     1 ||     2
 Armour: Robe              |    11 |       ||    11
         Leather armour    |     5 |     2 ||     7
  Dodge: Dodged            |    36 |     1 ||    37
